 Dungeon Crawl Stone Soup version 0.29-a0-887-gcbe080d7e0 (webtiles) character file.

Game seed: 1018843442459700332

37186 Pooter the Severer (level 13, -11/178 HPs)
             Began as a Minotaur Berserker on July 21, 2022.
             Was an Elder of Trog.
             Mangled by a naga
             ... wielding a +0 trident
              (15 damage)
             ... on level 3 of the Lair of Beasts on July 22, 2022.
             The game lasted 02:02:21 (17933 turns).

Pooter the Severer (Minotaur Berserker)            Turns: 17933, Time: 02:02:22

Health: -11/178    AC: 21    Str: 26    XL:     13   Next: 57%
Magic:  12/12      EV:  4    Int:  6    God:    Trog [****..]
Gold:   145        SH:  0    Dex:  9    Spells: 12/12 levels left

rFire   . . .      SeeInvis +   a - +4 battleaxe (flame)
rCold   . . .      Faith    .   (shield currently unavailable)
rNeg    . . .      Spirit   .   Z - +8 plate armour
rPois   .          Reflect  .   (helmet restricted)
rElec   .          Harm     .   m - +0 cloak
rCorr   .          Rampage  .   k - +0 pair of gloves
Will    +++..                   (no boots)
Stlth   ..........              C - amulet of regeneration
HPRegen 2.19/turn               S - ring of see invisible
MPRegen 0.13/turn               R - ring of willpower

@: berserking, lethally poisoned (-11 -> -12), strong-willed, regenerating,
constricted, very quick
A: horns 2, retaliatory headbutt
a: Renounce Religion, Berserk, Trog's Hand, Brothers in Arms


You were on level 3 of the Lair of Beasts.
You worshipped Trog.
Trog was greatly pleased with you.
You visited 3 branches of the dungeon, and saw 16 of its levels.
You also visited: Sewer, Ossuary and Bailey.

You collected 1386 gold pieces.
You spent 1241 gold pieces at shops.

Inventory:

Hand Weapons
 a - a +4 battleaxe of flaming (weapon)
   (Trog gifted it to you on level 9 of the Dungeon)
 b - a +1 arbalest of flaming
   (You found it in a bailey)
 e - a +0 broad axe
   (You took it off a meliai on level 9 of the Dungeon)
 i - a +3 antimagic battleaxe
   (Trog gifted it to you on level 1 of the Orcish Mines)
 G - a +4 trident of flaming
   (You took it off a gnoll sergeant on level 8 of the Dungeon)
 Q - a +5 vorpal battleaxe
   (You took it off Rupert on level 3 of the Lair of Beasts)
 W - a +7 morningstar of freezing
   (You took it off a wight on level 9 of the Dungeon)
 X - a +0 demon whip of venom
   (You took it off Amaemon on level 9 of the Dungeon)
Missiles
 o - 4 silver javelins
 u - 54 poisoned darts (quivered)
 v - 5 javelins
 x - 24 boomerangs
 F - 11 atropa-tipped darts
 H - 4 throwing nets {!f}
 J - 16 curare-tipped darts
Armour
 k - a +0 pair of gloves (worn)
   (You found it on level 2 of the Dungeon)
 m - a +0 cloak (worn)
   (You found it on level 3 of the Dungeon)
 Z - a +8 plate armour (worn)
   (You took it off an orc warrior on level 9 of the Dungeon)
Jewellery
 p - a ring of ice
   (You found it on level 9 of the Dungeon)
 C - an amulet of regeneration (around neck)
   (You found it on level 4 of the Dungeon)
 M - a ring of flight
   (You bought it in a shop on level 11 of the Dungeon)
 N - a ring of positive energy
   (You found it on level 1 of the Dungeon)
 R - a ring of willpower (right hand)
   (You found it on level 10 of the Dungeon)
 S - a ring of see invisible (left hand)
   (You found it on level 6 of the Dungeon)
Wands
 f - a wand of flame (18)
   (You bought it in a shop on level 4 of the Dungeon)
 w - a wand of charming (7)
   (You took it off Pikel on level 4 of the Dungeon)
 D - a wand of digging (1)
   (You found it on level 3 of the Lair of Beasts)
 V - a wand of light (5)
   (You took it off Grum on level 8 of the Dungeon)
Scrolls
 c - 2 scrolls of summoning
 l - 3 scrolls of fog
 n - 3 scrolls of fear
 t - 10 scrolls of teleportation {@r4}
 y - a scroll of brand weapon
 z - a scroll of magic mapping
 A - 2 scrolls of blinking
 B - 3 scrolls of noise {!r}
 K - 3 scrolls of poison {!r}
 L - a scroll of immolation {!r}
Potions
 d - 3 potions of cancellation
 g - 3 potions of curing {@q1}
 h - 8 potions of lignification {!q}
 q - 3 potions of flight
 r - 3 potions of haste {@q3}
 s - 4 potions of invisibility
 E - 5 potions of mutation {!q}
 I - 4 potions of attraction {!q}
 O - 6 potions of heal wounds {@q2}
 P - a potion of resistance
 T - a potion of berserk rage {unknown}
 U - 3 potions of might
Miscellaneous
 j - a phantom mirror
   (You found it on level 9 of the Dungeon)


   Skills:
 + Level 12.7 Fighting
 * Level 17.3 Axes
 * Level 15.2 Ranged Weapons
 - Level 1.8 Throwing
 - Level 2.4 Armour
 - Level 2.1 Dodging
 - Level 6.1 Stealth
 + Level 1.0 Evocations


You had 12 spell levels left.
You didn't know any spells.
Your spell library was empty.

Dungeon Overview and Level Annotations

Branches:
Dungeon (12/15)            Temple (0/1) D:5            Lair (3/5) D:10
    Orc (1/2) D:12          Sewer (visited)         Ossuary (visited)
 Bailey (visited)
  Swamp: Lair:2-3    Shoals: Lair:2-3     Snake: Lair:2-3    Spider: Lair:2-3

Altars:
Ashenzari
Cheibriados
Elyvilon
Qazlal
Ru
Vehumet
Yredelemnul
The Shining One

Shops:
D:4 ?*:   D:8 [*   D:11 *   D:12 ?[?

Annotations:
D:10 exclusion: orange crystal statue


Innate Abilities, Weirdness & Mutations

You have a pair of horns on your head.
You reflexively headbutt those who attack you in melee.


Message History

You closely miss the naga. You headbutt the naga. You slash the naga!
You burn the naga.
You feel very sick.
The naga hits you with a +0 morningstar!
The naga constricts you. The naga completely misses you.
You barely miss the naga. You headbutt the naga. You slash the naga!
You burn the naga.
You feel sick.
The naga hits you but does no damage. x2
The naga constricts you. The naga spits poison at you.
The splash of poison misses you.
The naga hits you from afar with a +0 glaive!
* * * LOW HITPOINT WARNING * * *
A red film seems to cover your vision as you go berserk!
You feel yourself moving faster!
You feel mighty!
You feel sick.
The naga hits you from afar with a +0 trident!
* * * LOW HITPOINT WARNING * * *
The naga spits poison at you.
The splash of poison hits you but does no damage.
You are more poisoned.
The naga constricts you. The naga hits you with a +0 battleaxe!
* * * LOW HITPOINT WARNING * * *
The naga hits you from afar with a +0 glaive!
* * * LOW HITPOINT WARNING * * *
You slice the naga!! You burn the naga.
You kill the naga!
Trog accepts your kill.
You barely miss the naga.
You feel sick.
The naga hits you from afar with a +0 trident!
* * * LOW HITPOINT WARNING * * *
You feel sick. The naga hits you with a +0 glaive!
* * * LOW HITPOINT WARNING * * *
The naga grabs you. The naga constricts you. The naga spits poison at you.
The splash of poison hits you but does no damage.
You are more poisoned.
Things that are here:
a +0 morningstar; a +0 robe You barely miss the naga.
Your headbutt misses the naga. You slash the naga! You burn the naga.
You barely miss the naga.
You feel sick.
Unknown command.
You barely miss the naga. You slash the naga! You burn the naga.
You kill the naga!
Trog accepts your kill.
You closely miss the naga.
You feel sick. The naga hits you with a +0 battleaxe!
* * * LOW HITPOINT WARNING * * *
The naga grabs you. The naga constricts you.
* * * LOW HITPOINT WARNING * * *
The naga hits you with a +0 trident!
You die...

###..> ..... ... #....
.... #...# #####
.../###...# ##.....
.......$..##......
≈≈≈≈≈≈≈........#)..#
≈≈≈≈≈≈≈#.......N@N.#
≈≈≈≈≈≈≈≈##.†)).#.).#
≈≈≈≈≈≈≈≈≈#...####......
≈≈≈≈≈≈≈≈≈≈......###!....
≈≈≈≈≈≈≈≈≈≈.....P#.######
≈≈≈≈≈≈≈≈≈≈≈........#
...≈÷≈≈≈≈≈≈....#.#.#
###.≈≈≈≈≈≈≈≈..##....
'.#..≈≈≈≈≈≈≈.## ###


You could see 2 nagas.

Vanquished Creatures
  Rupert (Lair:3)
  Harold (D:10)
  3 hydras
  Erolcha (D:10)
  2 two-headed ogres
  A tengu warrior (D:9)
  Amaemon (D:9)
  Pikel (D:4)
  A necromancer (Lair:3)
  An orc knight (Bailey)
  5 deep elf pyromancers
  3 deep elf zephyrmancers
  A manticore (D:9)
  An ugly thing (D:11)
  Joseph (Lair:1)
  2 black mambas (Lair:3)
  An orange demon (D:9)
  2 cane toads (Lair:1)
  4 komodo dragons
  4 kobold demonologists
  A meliai (D:9)
  2 polar bears (D:9)
  3 trolls
  3 hornets
  9 blink frogs (Lair:1)
  Prince Ribbit (D:6)
  Sigmund (D:5)
  5 shadows
  A vampire (D:11)
  5 wyverns
  2 wraiths
  A steam dragon (D:9)
  Grum (D:8)
  2 unseen horror simulacra (D:9)
  19 yaks
  A basilisk (Lair:3)
  4 vampire mosquitoes (D:12)
  Menkaure (D:7)
  2 acid dragons (D:11)
  5 nagas (Lair:3)
  9 water moccasins
  9 orc warriors
  3 ice beasts
  A black bear (D:7)
  8 ogres
  3 elephant zombies (Lair:3)
  5 wolves
  5 centaurs
  An elf zombie (Ossuary)
  11 kobold brigands
  A komodo dragon zombie (Lair:3)
  6 bullfrogs
  5 gnoll sergeants
  2 scorpions (D:5)
  2 wights (D:9)
  4 troll zombies (D:12)
  10 killer bees (D:8)
  4 howler monkeys
  4 electric eels
  2 centaur zombies (Ossuary)
  6 jellies
  A basilisk zombie (Lair:3)
  4 gnoll boudas
  3 human zombies (Ossuary)
  13 orc priests
  14 hounds
  Jessica (D:2)
  Terence (D:2)
  7 iguanas
  11 orc wizards
  4 ogre zombies (D:12)
  A centaur simulacrum (D:9)
  3 mummies (Ossuary)
  25 gnolls
  9 adders
  7 river rats
  A shadow imp (D:5)
  4 white imps (D:9)
  12 worms
  3 dart slugs
  42 orcs
  11 endoplasms
  8 giant cockroaches
  5 goblins
  9 hobgoblins
  4 jackals (D:8)
  2 quokkas
  6 ball pythons
  7 bats
  9 frilled lizards
  2 gnoll zombies (Ossuary)
  2 goblin skeletons (D:12)
  4 goblin zombies
  8 hobgoblin zombies
  5 jackal zombies (Ossuary)
  40 kobolds
  4 kobold zombies (Ossuary)
  2 orc skeletons (D:12)
  17 orc zombies
  5 quokka zombies
  16 rats
  5 rat zombies (Ossuary)
544 creatures vanquished.

Vanquished Creatures (collateral kills)
  An orc high priest (Orc:1)
  A deep elf pyromancer (Orc:1)
  A troll (Orc:1)
  A hornet (D:9)
  A warg (Orc:1)
  3 orc warriors (Orc:1)
  A bullfrog (D:9)
  A wight (D:9)
  An orc wizard (D:9)
  2 orcs (Orc:1)
13 creatures vanquished.

Vanquished Creatures (others)
  An orc priest (Orc:1)
  An orc (D:9)
  13 fungi
  2 plants
17 creatures vanquished.

Grand Total: 574 creatures vanquished

Notes
Turn   | Place    | Note
-------+----------+-------------------------------------------
     0 | D:1      | Pooter the Minotaur Berserker began the quest for the Orb.
     0 | D:1      | Reached XP level 1. HP: 19/19 MP: 0/0
   150 | D:1      | Reached skill level 4 in Axes
   155 | D:1      | Reached XP level 2. HP: 19/27 MP: 1/1
   395 | D:1      | Found a faded altar of an unknown god.
   640 | D:1      | Reached ** piety under Trog
  1036 | D:2      | Noticed Jessica
  1046 | D:2      | Killed Jessica
  1047 | D:2      | Reached skill level 1 in Stealth
  1047 | D:2      | Reached XP level 3. HP: 28/33 MP: 2/2
  1308 | D:2      | Noticed Terence
  1320 | D:2      | Killed Terence
  1321 | D:2      | Reached skill level 5 in Axes
  1321 | D:2      | Reached XP level 4. HP: 41/41 MP: 3/3
  1707 | D:3      | Noticed an ice beast
  1718 | D:3      | Killed an ice beast
  1719 | D:3      | Reached skill level 1 in Ranged Weapons
  1719 | D:3      | Reached XP level 5. HP: 47/47 MP: 4/4
  2314 | D:4      | Reached skill level 6 in Axes
  2377 | D:4      | Reached XP level 6. HP: 39/55 MP: 5/5
  2382 | D:4      | Noticed Pikel
  2384 | D:4      | Found a sand-covered staircase.
  2392 | D:4      | Killed Pikel
  2393 | D:4      | Reached skill level 5 in Fighting
  2393 | D:4      | Reached skill level 7 in Axes
  2393 | D:4      | Reached XP level 7. HP: 61/61 MP: 6/6
  2403 | Ossuary  | Entered an ossuary
  2572 | Ossuary  | Reached *** piety under Trog
  2951 | D:4      | Reached XP level 8. HP: 69/70 MP: 7/7
  2972 | D:4      | Reached skill level 5 in Ranged Weapons
  2973 | D:4      | Reached skill level 8 in Axes
  3031 | D:4      | Found Ighaf's Magic Scroll Emporium.
  3068 | D:4      | Bought a scroll of identify for 22 gold pieces
  3068 | D:4      | Bought a scroll of magic mapping for 82 gold pieces
  3068 | D:4      | Bought a scroll of teleportation for 33 gold pieces
  3098 | D:4      | Found Xooh's Elemental Accessories.
  3130 | D:4      | Found Cic Idot's Vocational Training.
  3401 | D:5      | Entered Level 5 of the Dungeon
  3430 | D:5      | Found a staircase to the Ecumenical Temple.
  3507 | D:5      | Found a glowing drain.
  3518 | Sewer    | Entered a sewer
  3682 | Sewer    | Reached **** piety under Trog
  3688 | Sewer    | Found a viscous altar of Jiyva.
  3987 | D:5      | Reached skill level 9 in Axes
  4566 | D:5      | Reached XP level 9. HP: 79/79 MP: 8/8
  4711 | D:5      | Noticed Sigmund
  4745 | D:5      | Killed Sigmund
  5336 | D:6      | Noticed Prince Ribbit
  5341 | D:6      | Killed Prince Ribbit
  5342 | D:6      | Reached skill level 10 in Axes
  6510 | D:7      | Reached skill level 5 in Stealth
  7226 | D:7      | Found a basalt altar of Yredelemnul.
  7226 | D:7      | Found a sacrificial altar of Ru.
  7270 | D:7      | Noticed Menkaure
  7278 | D:7      | Killed Menkaure
  7472 | D:7      | Found a broken altar of Ashenzari.
  7474 | D:7      | Found a faded altar of an unknown god.
  7476 | D:7      | Found a faded altar of an unknown god.
  7548 | D:8      | Paralysed by a hornet for 1 turns
  7551 | D:8      | Paralysed by a hornet for 2 turns
  7626 | D:8      | Identified the +1 ring mail "Wich" {rF+}
  7637 | D:8      | Reached XP level 10. HP: 88/88 MP: 9/9
  7664 | D:8      | Noticed Grum
  7671 | D:8      | Killed Grum
  7672 | D:8      | Reached skill level 11 in Axes
  7887 | D:8      | Reached ***** piety under Trog
  8503 | D:8      | Found Isuideimp's Antique Armour Shop.
  8548 | D:8      | Found Oxaus's General Store.
  8553 | D:8      | Bought a scroll of blinking for 120 gold pieces
  8553 | D:8      | Bought a potion of cancellation for 128 gold pieces
  8553 | D:8      | Bought a potion of curing for 48 gold pieces
  8894 | D:9      | Reached skill level 1 in Throwing
  8959 | D:9      | Found a stormy altar of Qazlal.
  9039 | D:9      | Found a snail-covered altar of Cheibriados.
  9078 | D:9      | Found a radiant altar of Vehumet.
  9085 | D:9      | Found a white marble altar of Elyvilon.
  9113 | D:9      | Received a gift from Trog
  9116 | D:9      | Reached skill level 12 in Axes
  9116 | D:9      | Paralysed by a hornet for 2 turns
  9150 | D:9      | Reached skill level 10 in Ranged Weapons
  9263 | D:9      | Noticed a two-headed ogre
  9325 | D:9      | Killed a two-headed ogre
  9326 | D:9      | Reached XP level 11. HP: 15/97 MP: 10/10
  9474 | D:9      | Noticed Amaemon
  9495 | D:9      | Killed Amaemon
 10185 | D:4      | Bought a wand of flame (14) for 127 gold pieces
 10372 | D:9      | Reached skill level 13 in Axes
 10406 | D:9      | Noticed a deep elf pyromancer
 10406 | D:9      | Noticed a tengu warrior
 10410 | D:9      | Killed a deep elf pyromancer
 10417 | D:9      | Killed a tengu warrior
 10630 | D:9      | Reached skill level 10 in Fighting
 10674 | D:9      | Noticed a soul eater
 10850 | D:10     | Entered Level 10 of the Dungeon
 10850 | D:10     | You fall into a shaft and drop 2 floors!
 10894 | D:11     | Noticed a green ugly thing
 10905 | D:11     | Killed a green ugly thing
 10929 | D:11     | Reached skill level 14 in Axes
 11003 | D:11     | Found Tehoeq's Island Escapes.
 11007 | D:11     | Bought a potion of flight for 36 gold pieces
 11504 | D:10     | Found a flagged portal.
 11518 | Bailey   | Entered a bailey
 11649 | Bailey   | Noticed an orc knight
 11657 | Bailey   | Reached XP level 12. HP: 108/108 MP: 11/11
 11704 | Bailey   | Found an iron altar of Okawaru.
 11792 | D:10     | Noticed a two-headed ogre
 11797 | D:10     | Killed a two-headed ogre
 11819 | D:10     | Found a staircase to the Lair.
 11887 | D:10     | Noticed Erolcha
 11900 | D:10     | Killed Erolcha
 12156 | D:10     | Noticed Harold
 12170 | D:10     | Killed Harold
 13154 | D:11     | Bought a potion of invisibility for 96 gold pieces
 13154 | D:11     | Bought a ring of flight for 210 gold pieces
 13174 | D:12     | Found Idwydwabei's Magic Scroll Shoppe.
 13190 | D:12     | Noticed a six-headed hydra
 13199 | D:11     | Reached skill level 15 in Axes
 13255 | D:12     | Killed a four-headed hydra
 13381 | D:12     | Found Jaddeliw's Armour Emporium.
 13401 | D:12     | Found a staircase to the Orcish Mines.
 13405 | D:12     | Found Cekkua's Magic Scroll Boutique.
 13434 | D:12     | Bought a scroll of identify for 22 gold pieces
 13508 | D:12     | Bought a scroll of identify for 22 gold pieces
 13528 | Orc:1    | Entered Level 1 of the Orcish Mines
 13543 | Orc:1    | Received a gift from Trog
 13800 | Orc:1    | Noticed an orc high priest
 13807 | Orc:1    | Killed an orc high priest
 13808 | Orc:1    | Reached skill level 16 in Axes
 14128 | Orc:1    | Reached XP level 13. HP: 118/118 MP: 4/12
 14316 | D:11     | Bought a scroll of blinking for 90 gold pieces
 14316 | D:11     | Bought a scroll of blinking for 90 gold pieces
 14552 | D:4      | Bought a scroll of teleportation for 33 gold pieces
 14707 | Lair:1   | Entered Level 1 of the Lair of Beasts
 15805 | Lair:1   | Noticed Joseph
 15826 | Lair:1   | Killed Joseph
 16529 | D:4      | Bought a scroll of enchant armour for 82 gold pieces
 17310 | Lair:3   | Noticed Rupert
 17456 | Lair:3   | Killed Rupert
 17457 | Lair:3   | Reached skill level 17 in Axes
 17457 | Lair:3   | Reached skill level 15 in Ranged Weapons
 17528 | Lair:3   | Found a glowing golden altar of the Shining One.
 17922 | Lair:3   | Reached skill level 1 in Evocations
 17933 | Lair:3   | HP: 4/178 [constriction (5)]
 17933 | Lair:3   | Mangled by a naga

Illustrated notes

Levels and vault maps discovered:
D:1:      dpeg_arrival_lava_temple_mockup, layout_loops_cross,
          shapermc_ecumenical_altar_mp_highgroup, minmay_cut_off
D:2:      layout_rooms, minmay_tromino_v7, uniq_jessica, uniq_terence
D:3:      kennysheep_big_flooded_room, layout_rooms, corexii_shack
D:4:      layout_rooms, serial_shops, shop, enter_ossuary_4,
          nicolae_elemental_shop, nicolae_shop_vocational, uniq_pikel
D:5:      layout_loops_ring, minmay_temple_entry_statues_fountains,
          serial_co_window_serial, co_window_paths_b, co_window_corner_a,
          co_window_paths_a, co_window_paths_a, co_window_paths_b,
          co_window_paths_a, co_window_paths_b, co_window_broadway_b,
          co_window_of_opportunity_c, co_window_of_opportunity_b,
          co_window_unsneaky_path_e, co_window_broadway_b, glass_columns_a,
          glass_columns_a, glass_columns_c, glass_columns_b, glass_columns_a,
          lightli_sewer_entry_pipes, uniq_sigmund
D:6:      layout_basic, uniq_prince_ribbit1
D:7:      layout_loops_corners, chequers_temple_overflow_minitemple,
          kennysheep_minor_cross, uniq_menkaure
D:8:      layout_cave_pools, serial_gnoll_camp, gnoll_camp_medium_01,
          gnoll_camp_mini_doghouse, gnoll_camp_huts_basic,
          gnoll_camp_mini_sergeant, grums_kennel, serial_shops, shop, shop
D:9:      minmay_quarter_circles, layout_cave_pools, minitemple,
          overflow_temple_1_default, slow_altar_2, serial_ice, serial_ice_j,
          serial_ice_d, serial_ice_f, serial_ice_h, serial_ice_a, uniq_amaemon
D:10:     layout_long_grid, lair_entry_dummy, enter_bailey_6,
          ebering_dispersal_statue_hall, minmay_protected_statue, uniq_erolcha,
          uniq_harold
D:11:     kennysheep_spiral_hall, layout_loops_corners, nicolae_island_escapes
D:12:     layout_rooms, zombieorc2_lemuel, serial_shops, shop, shop,
          nicolae_square_shop, shop_fountains, bloody_trog
Lair:1:   layout_layer_cave, uniq_joseph
Lair:2:   layout_chaotic_city
Lair:3:   pond_and_an_island_with_a_cottage, layout_misc_corridors,
          elwin_shoals_entry_rooms, minmay_snake_entry_guardpost_medium,
          basic_altar, uniq_rupert
Orc:1:    layout_caves, nicolae_orc_stony_grotto, elves_outpost_lemuel

Skill      XL: |  1  2  3  4  5  6  7  8  9 10 11 12 13 |
---------------+----------------------------------------+-----
Axes           | 4 5 6 7 9 10 12 14 16 17 | 17.3
Fighting       | 4 5 6 7 8 9 10 12 | 12.7
Stealth        | 1 2 3 4 5 6 |  6.1
Ranged Weapons | 1 2 4 6 8 10 12 14 15 | 15.2
Throwing       | 1 |  1.8
Evocations     | 1 |  1.0
Armour         | |  2.4
Dodging        | |  2.1

Action                   |  1- 3 |  4- 6 |  7- 9 | 10-12 | 13-15 || total
-------------------------+-------+-------+-------+-------+-------++-------
Melee: Hand axe          |    41 |       |       |       |       ||    41
       Headbutt          |    10 |     4 |    55 |    55 |    31 ||   155
       Punch             |     1 |     1 |     3 |     2 |       ||     7
       War axe           |    31 |    59 |   299 |   120 |       ||   509
       Battleaxe         |       |       |       |   278 |   145 ||   423
       Trident           |       |       |       |    13 |       ||    13
 Fire: Sling             |       |    21 |    78 |       |       ||    99
       Arbalest          |       |       |    87 |   177 |    44 ||   308
Throw: Stone             |     5 |    12 |       |     2 |       ||    19
       Dart              |       |       |     4 |       |    13 ||    17
       Boomerang         |       |       |       |    25 |       ||    25
Invok: Berserk           |     1 |     3 |     8 |    12 |     3 ||    27
       Trog's Hand       |       |     1 |     9 |    13 |     4 ||    27
       Brothers in Arms  |       |       |       |     1 |       ||     1
Evoke: Wand              |       |       |     2 |     7 |     6 ||    15
       Phantom mirror    |       |       |       |     1 |       ||     1
  Use: Scroll            |     3 |     2 |     9 |    23 |     7 ||    44
       Potion            |       |       |       |     8 |     2 ||    10
 Stab: Sleeping          |     3 |       |       |       |       ||     3
       Distracted        |     1 |       |       |     1 |       ||     2
       Invisible         |       |       |       |       |     2 ||     2
Armor: Animal skin       |    19 |       |       |       |       ||    19
       Scale mail        |       |    36 |   160 |    90 |       ||   286
       Skin              |       |       |       |   147 |       ||   147
       Plate armour      |       |       |       |   202 |   111 ||   313
Dodge: Dodged            |    59 |    33 |   140 |   212 |    46 ||   490

Table legend: (Time is in decaauts)
 A = Elapsed time spent in this place.
 B = Non-inter-level travel time spent in this place.
 C = Inter-level travel time spent in this place.
 D = Time resting spent in this place.
 E = Time spent auto-exploring this place.
 F = Levels seen in this place.
 G = Mean time per level.
                   A        B        C        D        E       F      G
               +--------+--------+--------+--------+--------+-----+--------+
         Total |  18392 |  16705 |   1687 |   3271 |   9114 |  19 |  968.0 |
       Dungeon |  13898 |  12448 |   1450 |   2722 |   6575 |  12 | 1158.2 |
          Lair |   2907 |   2695 |    212 |    360 |   1892 |   3 |  969.0 |
  Orcish Mines |    532 |    507 |     25 |     20 |    237 |   1 |  532.0 |
         Sewer |    298 |    298 |      0 |     10 |    130 |   1 |  298.0 |
       Ossuary |    481 |    481 |      0 |    101 |    218 |   1 |  481.0 |
        Bailey |    274 |    274 |      0 |     57 |     61 |   1 |  274.0 |
               +--------+--------+--------+--------+--------+-----+--------+

Top non-repeatable levels by time:
     D:9: 1987 daAuts
     D:6: 1784 daAuts
  Lair:1: 1535 daAuts
     D:8: 1530 daAuts
     D:7: 1403 daAuts
     D:5: 1338 daAuts
    D:11: 1263 daAuts
     D:1: 984 daAuts
    D:10: 924 daAuts
  Lair:2: 846 daAuts
     D:3: 728 daAuts
     D:2: 718 daAuts
     D:4: 661 daAuts
    D:12: 572 daAuts
   Orc:1: 532 daAuts
